 Dungeon Crawl Stone Soup version 0.21.0 (webtiles) character file.

145 MovingMist the Distorting Demonspawn (level 5, -8/42 HPs)
             Began as a Demonspawn Abyssal Knight on Jan 7, 2018.
             Was a Believer of Lugonu.
             Mangled by MovingMist's ghost (9 damage)
             ... on level 3 of the Dungeon.
             The game lasted 00:05:07 (2289 turns).

MovingMist the Distorting Demonspawn (DsAK)         Turns: 2289, Time: 00:05:08

Health: -8/42      AC:  9    Str: 14    XL:     5   Next: 6%
Magic:  8/8        EV: 10    Int: 13    God:    Lugonu [**....]
Gold:   140        SH:  0    Dex: 14    Spells: 4/4 levels left

rFire    . . .     SeeInvis .   a - +1 hand axe
rCold    . . .     Gourm    .   (no shield)
rNeg     . . .     Faith    .   t - +0 scale mail
rPois    .         Spirit   .   (no helmet)
rElec    .         Reflect  .   b - +0 cloak
rCorr    .         Harm     .   (no gloves)
MR       .....                  (no boots)
Stlth    ..........             s - amulet of magic regeneration
HPRegen  0.14/turn              l - +2 ring of dexterity
MPRegen  0.36/turn              (no ring)

@: no status effects
A: hooves 1, molten scales 1
a: Depart the Abyss, Bend Space, Renounce Religion


You were on level 3 of the Dungeon.
You worshipped Lugonu.
Lugonu was pleased with you.
You were not hungry.

You visited 1 branch of the dungeon, and saw 3 of its levels.
You visited the Abyss 1 time.

You collected 140 gold pieces.

Inventory:

Hand Weapons
 a - a +1 hand axe (weapon)
Armour
 b - a +0 cloak (worn)
 t - a +0 scale mail (worn)
Jewellery
 l - a +2 ring of dexterity (left hand)
 s - an amulet of magic regeneration (around neck)
Scrolls
 d - 3 scrolls of enchant weapon {unknown}
 f - a scroll of magic mapping {unknown}
 g - 2 scrolls of fear {unknown}
 h - 2 scrolls of identify {unknown}
 k - 2 scrolls of noise {unknown}
 o - a scroll of enchant armour {unknown}
 q - a scroll of random uselessness {unknown}
 r - 2 scrolls of teleportation {unknown}
Potions
 j - a potion of degeneration {unknown}
 n - 2 potions of brilliance {unknown}
 p - 2 potions of heal wounds {unknown}
Comestibles
 c - 4 rations
 m - 10 chunks of flesh


   Skills:
 + Level 3.6 Fighting
 + Level 2.6 Axes
 - Level 1.7 Armour
 + Level 2.1 Dodging
 * Level 4.7 Invocations


You had 4 spell levels left.
You didn't know any spells.

Dungeon Overview and Level Annotations

Branches:
Dungeon (3/15)

Altars:

Annotations:
D:3 MovingMist's ghost, amateur DsAK


Innate Abilities, Weirdness & Mutations

You have large cloven feet.
You are partially covered in molten scales. (AC +2)


Message History

MovingMist's ghost hits you but does no damage.
You hit MovingMist's ghost but do no damage.
MovingMist's ghost is moderately damaged.
MovingMist's ghost hits you.
* * * LOW HITPOINT WARNING * * *
You hit MovingMist's ghost.
MovingMist's ghost is heavily damaged.
MovingMist's ghost hits you but does no damage.
You barely miss MovingMist's ghost.
MovingMist's ghost is heavily damaged.
You feel less wooden.
Your +0 cloak unmelds from your body.
Your +0 scale mail unmelds from your body.
MovingMist's ghost hits you.
* * * LOW HITPOINT WARNING * * *
You hit MovingMist's ghost but do no damage.
MovingMist's ghost is heavily damaged.
MovingMist's ghost ripples.
MovingMist's ghost hits you!
You die...

#..........# #..........#
#..........# #........#
##........#########
#..........#.......
#..).[.....#...<...
#..........#.......
#........@.#....?..
#######.........W#)......
#...............#....#
#......<.........†#.##
#............##..## #
#........##...#..#
#........####......
########...........
............#


You could see MovingMist's ghost.

Vanquished Creatures
  6 adders (D:2)
  A gnoll (D:2)
  An ooze (D:3)
  A worm (D:2)
  3 leopard geckos (D:1)
  6 orcs (D:2)
  3 giant cockroaches
  14 goblins
  7 hobgoblins
  2 jackals (D:2)
  2 kobolds (D:2)
  11 bats
  2 frilled lizards
  3 rats
62 creatures vanquished.

Notes
Turn   | Place    | Note
-------+----------+-------------------------------------------
     0 | Abyss:1  | MovingMist the Demonspawn Abyssal Knight began the quest for the Orb.
     0 | Abyss:1  | Reached XP level 1. HP: 18/18 MP: 2/2
    63 | D:1      | Escaped the Abyss
    85 | D:1      | Reached skill level 1 in Dodging
   259 | D:1      | Gained mutation: You are partially covered in molten scales. (AC +2) [demonic ancestry]
   259 | D:1      | Reached XP level 2. HP: 17/24 MP: 4/4
   263 | D:1      | Reached skill level 3 in Invocations
   638 | D:1      | Reached ** piety under Lugonu
   858 | D:1      | Gained mutation: You have large cloven feet. [demonic ancestry]
   858 | D:1      | Reached XP level 3. HP: 28/29 MP: 5/5
  1523 | D:2      | Reached skill level 4 in Invocations
  1641 | D:2      | Reached XP level 4. HP: 35/35 MP: 7/7
  2222 | D:3      | Reached XP level 5. HP: 34/41 MP: 8/8
  2244 | D:3      | Noticed MovingMist's ghost (amateur DsAK)
  2288 | D:3      | HP: 1/42 [MovingMist's ghost (3)]
  2289 | D:3      | Mangled by MovingMist's ghost

Skill      XL: |  1  2  3  4 |
---------------+-------------+-----
Dodging        | 1 2 |  2.1
Invocations    | 3 4 |  4.7
Axes           | 2 |  2.6
Fighting       | |  3.6
Armour         | |  1.7

Action                   |  1- 3 |  4- 6 || total
-------------------------+-------+-------++-------
Melee: Hand axe          |   117 |   108 ||   225
       Kick              |    10 |    20 ||    30
  Use: Potion            |       |     2 ||     2
 Stab: Sleeping          |     1 |       ||     1
  Eat: Ration            |     1 |       ||     1
       Chunk             |       |     1 ||     1
Armor: Leather armour    |    47 |       ||    47
       Ring mail         |     5 |    24 ||    29
       Scale mail        |       |    27 ||    27
       Skin              |       |    26 ||    26
Dodge: Dodged            |    86 |    66 ||   152
